 Dungeon Crawl Stone Soup version 0.25.1-2-g60ff931df9 (webtiles) character file.

Game seed: 17150019526452656297

45 DerDa the Shield-Bearer (level 3, -7/19 HPs)
             Began as a Vine Stalker Fighter on Oct 2, 2020.
             Mangled by Menkaure (10 damage)
             ... on level 4 of the Dungeon.
             The game lasted 00:02:30 (1775 turns).

DerDa the Shield-Bearer (Vine Stalker Fighter)      Turns: 1775, Time: 00:02:31

Health: -7/19      AC:  6    Str: 18    XL:     3   Next: 64%
Magic:  0/4        EV:  4    Int:  8    God:
Gold:   106        SH:  9    Dex: 14    Spells: 2/2 levels left

rFire    . . .     SeeInvis .   a - +0 rapier
rCold    . . .     Gourm    .   c - +0 kite shield
rNeg     . . .     Faith    .   b - +0 scale mail
rPois    .         Spirit   +   (no helmet)
rElec    .         Reflect  .   (no cloak)
rCorr    .         Harm     .   (no gloves)
MR       .....                  (no boots)
Stlth    ..........             (no amulet)
HPRegen  0.06/turn              (no ring)
MPRegen  0.09/turn              (no ring)

@: constricted
A: fangs 2, magic shield, antimagic bite, no potion heal 3, rot immunity
a: no special abilities


You were on level 4 of the Dungeon.
You were not hungry.

You visited 1 branch of the dungeon, and saw 3 of its levels.

You collected 106 gold pieces.

Inventory:

Hand Weapons
 a - a +0 rapier (weapon)
Missiles
 e - 114 stones (quivered)
Armour
 b - a +0 scale mail (worn)
 c - a +0 kite shield (worn)
Jewellery
 n - a cursed ring of teleportation {unknown}
Scrolls
 g - a scroll of remove curse {unknown}
 h - 3 scrolls of teleportation {unknown}
 j - a scroll of enchant armour {unknown}
 l - 2 scrolls of identify {unknown}
 q - a scroll of fear {unknown}
Potions
 d - a potion of might
 i - 3 potions of mutation {unknown}
 k - a potion of invisibility {unknown}
 m - a potion of curing {unknown}
 p - a potion of degeneration {unknown}
Comestibles
 f - 3 rations


   Skills:
 + Level 2.9 Fighting
 + Level 2.1 Short Blades
 + Level 2.6 Armour
 * Level 1.2 Dodging
 + Level 3.0 Shields


You had 2 spell levels left.
You didn't know any spells.
Your spell library was empty.

Dungeon Overview and Level Annotations

Branches:
Dungeon (2/15)

Altars:

Annotations:
D:4 Menkaure


Innate Abilities, Weirdness & Mutations

You have extremely sharp teeth.
When hurt, damage is shared between your health and your magic reserves.
Your bite disrupts and absorbs the magic of your enemies.
Potions cannot restore your health.
You are immune to rotting.


Message History

Menkaure is severely damaged.
The hound barks!
The ball python barely misses you. The ball python constricts you.
Menkaure falters for a moment.
You closely miss Menkaure. You bite Menkaure.
Menkaure's magic leaks into the air.
You drain his magic.
You feel invigorated.
Menkaure is almost destroyed.
The ball python barely misses you. The ball python constricts you.
The ball python barely misses you. The ball python constricts you.
Menkaure falters for a moment.
You hit Menkaure but do no damage. Your bite misses Menkaure.
Menkaure is almost destroyed.
The hound bites you.
* * * LOW HITPOINT WARNING * * *
The ball python bites you but does no damage.
The ball python constricts you. The hound bites you but does no damage.
Menkaure sighs, "It doesn't hurt if you pull your brain out of your nose yourself."
Menkaure hits you!
Ouch! That really hurt!
You die...

..........#
.....$....#
..........#
........##
#......$##
#####........#
.............#
#####.S...>.#
#.@h...##
#...M.....#
#...#.......#
#.###.....#.#
# ##...##.#
...## # !.##
...


You could see Menkaure, a hound and a ball python.

Vanquished Creatures
  An adder (D:2)
  A worm (D:2)
  2 dart slugs
  3 leopard geckos
  2 bats (D:1)
  A giant cockroach (D:1)
  7 hobgoblins
  2 jackals (D:1)
  2 frilled lizards (D:1)
  2 kobolds (D:1)
  2 rats
25 creatures vanquished.

Notes
Turn   | Place    | Note
-------+----------+-------------------------------------------
     0 | D:1      | DerDa the Vine Stalker Fighter began the quest for the Orb.
     0 | D:1      | Reached XP level 1. HP: 11/11 MP: 2/2
   373 | D:1      | Reached XP level 2. HP: 10/16 MP: 3/3
  1238 | D:2      | Reached skill level 1 in Dodging
  1238 | D:2      | Reached XP level 3. HP: 8/19 MP: 4/4
  1442 | D:2      | Reached skill level 3 in Shields
  1765 | D:2      | You fall into a shaft and drop 2 floors!
  1765 | D:4      | Noticed Menkaure
  1775 | D:4      | Mangled by Menkaure

Illustrated notes

Levels and vault maps discovered:
D:1:      dpeg_arrival_signposts, layout_loops_corners
D:2:      layout_loops_ring, nicolae_overflow_hidden_temple
D:4:      layout_rooms, led_sif_book, grunt_ministairs_15, minmay_vboxes,
          uniq_menkaure

Skill      XL: |  1  2  3 |
---------------+----------+-----
Short Blades   | 2 |  2.1
Dodging        | 1 |  1.2
Shields        | 3 |  3.0
Fighting       | |  2.9
Armour         | |  2.6

Action                   || total
-------------------------++-------
Melee: Rapier            ||    96
       Bite              ||    27
  Eat: Chunk             ||     3
Armor: Scale mail        ||    38
Dodge: Dodged            ||    28
Block: Kite shield       ||    39
